 Dungeon Crawl Stone Soup version 0.18.1-50-g88ac8fd (webtiles) character file.

1667 Freud the Thrower (level 9, 132/132 HPs)
             Began as an Ogre Wizard on Oct 16, 2016.
             Quit the game on level 5 of the Dungeon.
             The game lasted 01:48:46 (8833 turns).

Freud the Thrower (Ogre Wizard)                     Turns: 8833, Time: 01:48:47

Health: 132/132    AC: 24    Str: 16 (17) XL:     9   Next: 1%
Magic:  15/15      EV:  1    Int: 20 (22) God:
Gold:   261        SH:  0    Dex:  6 (8)  Spells: 5 memorised, 5 levels left

rFire  + . .     SeeInvis .     a - +3 mace (venom)
rCold  + . .     Gourm    .     (armour currently unavailable)
rNeg   + + +     Faith    .     (no shield)
rPois  +         Spirit   .     (helmet currently unavailable)
rElec  +         Dismiss  .     (cloak currently unavailable)
rCorr  +         Reflect  .     (gloves unavailable)
SustAt .         Harm     .     (boots unavailable)
MR     .....     NoTele   +     (no amulet)
Stlth  ++........               (no ring)
                                t - ring of wizardry

@: brilliant, tree-form, resistant, not resistant to hostile enchantments,
unstealthy
A: unfitting armour, (iridescent scales 0), (tough skin 0)
a: no special abilities


You were on level 5 of the Dungeon.
You were not hungry.
You were a tree.
You visited 1 branch of the dungeon, and saw 5 of its levels.
You also visited: Ossuary.

You collected 261 gold pieces.

Inventory:

Hand Weapons
 a - a +3 mace of venom (weapon)
 b - a +1 whip of freezing
 g - a +0 dagger of pain
 n - a +0 flail
 u - a +3 quarterstaff of chaos
 L - a +1 hand axe of chopping
Missiles
 e - 3 throwing nets
 q - 178 stones
 s - 14 poisoned needles
 w - 3 large rocks (quivered)
 z - 22 sling bullets
Armour
 k - a cursed +0 robe (melded)
 l - a +0 hat (melded)
 p - a +0 robe
 v - a +0 cloak (melded)
 D - a +0 large shield
Jewellery
 t - a ring of wizardry (left branch)
 Q - an uncursed ring of fire
Wands
 o - a wand of polymorph (8/24)
 A - a wand of digging (15/24)
Scrolls
 i - a scroll of immolation
 j - 2 scrolls of random uselessness
 m - a scroll of enchant armour
 x - 2 scrolls of recharging
 y - a scroll of teleportation {unknown}
 B - 2 scrolls of noise
 O - a scroll of fear {unknown}
Potions
 f - a potion of degeneration
 h - 2 potions of curing
 r - a potion of flight
 E - a potion of resistance
 F - 2 potions of might
 G - a potion of brilliance
 H - a potion of ambrosia
 N - a potion of lignification
Books
 c - a book of Minor Magic

   Spells                             Type                      Level
   a - Magic Dart                     Conjuration                  1
   b - Blink                          Translocation                2
   c - Call Imp                       Summoning                    2
   d - Repel Missiles                 Charms/Air                   2
   e - Slow                           Hexes                        2
   f - Conjure Flame                  Conjuration/Fire             3
   g - Mephitic Cloud                 Conjuration/Poison/Air       3
 C - a book of Death

   Spells                             Type                      Level
   a - Corpse Rot                     Necromancy                   2
   b - Sublimation of Blood           Necromancy                   2
   c - Agony                          Necromancy                   5
   d - Dispel Undead                  Necromancy                   5
   e - Excruciating Wounds            Charms/Necromancy            5
   f - Bolt of Draining               Conjuration/Necromancy       5
Comestibles
 d - 3 bread rations
 P - a chunk of flesh


   Skills:
 + Level 5.6 Fighting
 * Level 6.0 Maces & Flails
 - Level 8.0 Throwing
 - Level 1.7 Dodging
 - Level 1.5 Stealth
 - Level 4.0 Spellcasting
 - Level 1.0 Conjurations
   Level 0.6 Summonings
 - Level 1.0 Translocations
 - Level 1.0 Fire Magic
 - Level 1.0 Air Magic
 - Level 1.0 Poison Magic


You had 5 spell levels left.
You knew the following spells:

 Your Spells              Type           Power        Failure   Level  Hunger
a - Magic Dart            Conj           ###.         1%          1    None
b - Blink                 Tloc           N/A          1%          2    #......
c - Repel Missiles        Chrm/Air       ###...       2%          2    #......
d - Conjure Flame         Conj/Fire      ###.....     3%          3    ###....
s - Mephitic Cloud        Conj/Pois/Air  ###.....     3%          3    ###....


Dungeon Overview and Level Annotations

Branches:
Dungeon (5/15)
 Temple: D:4-7

Altars:

Annotations:
D:3 Sigmund


Innate Abilities, Weirdness & Mutations

You are too large for most types of armour.
((You have tough skin (AC +1).))
((You are partially covered in iridescent scales (AC +4).))


Message History

Your body's shape seems more normal.
Your vision sharpens.
Nature stops experimenting on you.
Drink which item? (? for menu, Esc to quit)
It was a potion of heal wounds.
You feel much better.
Drink which item? (? for menu, Esc to quit)
It was a potion of magic.
Magic courses through your body.
Drink which item? (? for menu, Esc to quit)
It was a potion of beneficial mutation.
Iridescent scales grow over part of your body.
You feel fantastic!
Drink which item? (? for menu, Esc to quit)
It was a potion of lignification.
You turn into a tree.
Your +0 cloak melds into your body.
Your +0 hat melds into your body.
Your cursed +0 robe melds into your body.
Your roots penetrate the ground.
Drink which item? (? for menu, Esc to quit)
Okay, then.
Drink which item? (? for menu, Esc to quit)
Okay, then.
Are you sure you want to abandon this character and quit the game? (Confirm with "yes".)

.### #.#####.... ...####
########## #.# #####
......# #........# #.# #.
...##.# #.######.# #.# ##
.#.##.####.#### #.# #.# #
.#............# #.# #.#
.####.####.##.# #.# #.#
.####.# #.##.###.# #.# #
......# #......♣># #.# ##
...#### #####.#### #.##
##. ....## ## #.#
#..######.. .....#
##...##.########.....##...
.....+
......................'...
.....#
##...##.########...#.##...
....## ##. #.# ##.##.###..
...## # #.# ###...###.
..## ..# #......###


There were no monsters in sight!

Vanquished Creatures
  Pikel (D:4)
  2 phantoms (D:4)
  A sky beast (D:5)
  3 scorpions (Ossuary)
  A centaur zombie (Ossuary)
  3 human zombies (Ossuary)
  2 hounds
  2 giant frog skeletons
  Crazy Yiuf (D:3)
  2 orc priests
  3 orc wizards
  Jessica (D:2)
  Terence (D:3)
  An iguana (D:5)
  A worker ant (D:5)
  3 big kobold zombies (Ossuary)
  4 mummies
  Robin (D:2)
  2 scorpion zombies (Ossuary)
  3 gnolls
  6 adders
  A shadow imp (D:5)
  2 oozes (D:1)
  3 worms
  2 dart slugs
  3 giant geckos
  12 orcs
  10 bats
  11 giant cockroaches
  17 goblins
  14 hobgoblins
  12 jackals
  8 kobolds
  A quokka (D:4)
  2 ball pythons
  6 giant newts
  2 gnoll zombies (Ossuary)
  2 goblin zombies (Ossuary)
  A hobgoblin zombie (Ossuary)
  3 kobold zombies (Ossuary)
  4 orc zombies (Ossuary)
  11 rats
171 creatures vanquished.

Vanquished Creatures (others)
  3 scorpions (Ossuary)
  A worker ant (D:4)
  2 jackals (D:5)
  A hobgoblin zombie (Ossuary)
7 creatures vanquished.

Grand Total: 178 creatures vanquished

Notes
Turn   | Place    | Note
--------------------------------------------------------------
     0 | D:1      | Freud the Ogre Wizard began the quest for the Orb.
     0 | D:1      | Reached XP level 1. HP: 16/16 MP: 5/5
    74 | D:1      | Reached skill level 1 in Fighting
   139 | D:1      | Reached XP level 2. HP: 28/28 MP: 0/6
   176 | D:1      | Reached skill level 1 in Maces & Flails
   176 | D:1      | Reached skill level 1 in Conjurations
   180 | D:1      | Learned a level 2 spell: Blink
   183 | D:1      | Learned a level 2 spell: Repel Missiles
   420 | D:1      | Reached XP level 3. HP: 30/35 MP: 1/8
   429 | D:1      | Learned a level 3 spell: Mephitic Cloud
  1328 | D:2      | You fall through a shaft!
  1416 | D:3      | Reached XP level 4. HP: 36/42 MP: 9/9
  1675 | D:2      | Reached skill level 1 in Translocations
  1768 | D:2      | Noticed Robin
  2790 | D:2      | Noticed Jessica
  2848 | D:1      | Reached XP level 5. HP: 33/49 MP: 1/10
  2981 | D:2      | Killed Jessica
  2981 | D:2      | Reached skill level 1 in Throwing
  2981 | D:2      | Reached skill level 1 in Air Magic
  3871 | D:2      | Reached skill level 1 in Poison Magic
  3887 | D:2      | Killed Robin
  4634 | D:3      | Reached skill level 2 in Throwing
  4634 | D:3      | Reached XP level 6. HP: 46/61 MP: 9/11
  4683 | D:3      | Noticed Terence
  4685 | D:3      | Killed Terence
  4744 | D:3      | Learned a level 3 spell: Conjure Flame
  4852 | D:3      | Noticed Crazy Yiuf
  4864 | D:3      | Killed Crazy Yiuf
  5408 | D:3      | Noticed Sigmund
  5476 | D:4      | Noticed a phantom
  5543 | D:4      | Killed a phantom
  5543 | D:4      | Reached skill level 3 in Throwing
  5543 | D:4      | Reached XP level 7. HP: 40/70 MP: 0/13
  5809 | D:4      | Noticed Pikel
  5839 | D:4      | Killed Pikel
  5839 | D:4      | Reached skill level 5 in Throwing
  5962 | D:4      | Reached skill level 6 in Throwing
  6127 | D:4      | Reached XP level 8. HP: 53/78 MP: 12/14
  6279 | D:4      | Reached skill level 5 in Maces & Flails
  6487 | D:5      | Entered Level 5 of the Dungeon
  6504 | D:5      | Reached skill level 1 in Fire Magic
  6688 | D:5      | Found a sand-covered staircase.
  6758 | Ossuary  | Entered an ossuary
  7248 | Ossuary  | Reached skill level 7 in Throwing
  7790 | Ossuary  | Reached skill level 5 in Fighting
  8204 | D:5      | Gained mutation: Your body sometimes deteriorates upon taking damage. [mutagenic meat]
  8205 | D:5      | Gained mutation: Your body often deteriorates upon taking damage. [mutagenic meat]
  8206 | D:5      | Gained mutation: Armour fits poorly on your strangely shaped body. [mutagenic meat]
  8207 | D:5      | Gained mutation: Scrolls take you a little longer to read. [mutagenic meat]
  8208 | D:5      | Gained mutation: You evolve. [mutagenic meat]
  8808 | D:5      | Reached skill level 8 in Throwing
  8808 | D:5      | Reached XP level 9. HP: 68/88 MP: 12/15
  8828 | D:5      | Lost mutation: Your body often deteriorates upon taking damage. [potion of cure mutation]
  8828 | D:5      | Lost mutation: Your body sometimes deteriorates upon taking damage. [potion of cure mutation]
  8828 | D:5      | Lost mutation: Armour fits poorly on your strangely shaped body. [potion of cure mutation]
  8828 | D:5      | Lost mutation: Scrolls take you a little longer to read. [potion of cure mutation]
  8828 | D:5      | Lost mutation: You evolve. [potion of cure mutation]
  8831 | D:5      | Gained mutation: You are partially covered in iridescent scales (AC +4). [potion of beneficial mutation]
  8833 | D:5      | Quit the game

Skill      XL: |  1  2  3  4  5  6  7  8 |
---------------+-------------------------+-----
Fighting       | 1 2 3 4 5 |  5.6
Maces & Flails | 1 2 4 6 |  6.0
Conjurations   | 1 |  1.0
Translocations | 1 |  1.0
Throwing       | 2 3 6 8 |  8.0
Air Magic      | 1 |  1.0
Poison Magic   | 1 |  1.0
Spellcasting   | 4 |  4.0
Fire Magic     | 1 |  1.0
Dodging        | |  1.7
Stealth        | |  1.5
Summonings     | |  0.6

Action                   |  1- 3 |  4- 6 |  7- 9 || total
-------------------------+-------+-------+-------++-------
Melee: Hand axe          |     5 |       |       ||     5
       Club              |    24 |       |       ||    24
       Mace              |    56 |       |    24 ||    80
       Whip              |       |   237 |   304 ||   541
       Unarmed           |       |       |     6 ||     6
Throw: Stone             |     5 |       |    30 ||    35
       Large rock        |       |    20 |    55 ||    75
 Cast: Magic Dart        |    68 |   114 |    25 ||   207
       Mephitic Cloud    |       |    11 |     8 ||    19
       Blink             |       |     6 |     3 ||     9
  Use: Scroll            |       |       |     8 ||     8
       Potion            |       |       |    11 ||    11
 Stab: Sleeping          |     2 |       |       ||     2
       Confused          |       |     5 |     4 ||     9
  Eat: Chunk             |     2 |    13 |    13 ||    28
       Meat ration       |       |       |     1 ||     1
Armor: Robe              |    25 |    65 |    83 ||   173
Dodge: Dodged            |    45 |   119 |   127 ||   291
